 Dungeon Crawl Stone Soup version 0.19-a0-659-g8260ecf (webtiles) character file.

172 Skanax the Skirmisher (level 5, -4/42 HPs)
             Began as a Demonspawn Abyssal Knight on June 15, 2016.
             Was a Believer of Lugonu.
             Slain by Crazy Yiuf
             ... wielding a +2 quarterstaff of chaos
              (7 damage)
             ... on level 3 of the Dungeon.
             The game lasted 00:17:30 (2807 turns).

Skanax the Skirmisher (Demonspawn Abyssal Knight)   Turns: 2807, Time: 00:17:31

Health: -4/42      AC: 10    Str: 13 (14) XL:     5   Next: 27%
Magic:  5/6        EV: 11    Int: 13      God:    Lugonu [**....]
Gold:   161        SH:  0    Dex: 12      Spells: 1 memorised, 3 levels left

rFire  . . .     SeeInvis .     a - +2 hand axe
rCold  . . .     Gourm    .     h - quicksilver dragon hide
rNeg   . . .     Faith    .     (no shield)
rPois  .         Spirit   .     (no helmet)
rElec  .         Dismiss  .     d - +0 cloak
rCorr  .         Reflect  .     (no gloves)
SustAt .         Harm     .     m - +0 pair of boots
MR     +....                    k - amulet of regeneration
Stlth  +.........               (no ring)
                                (no ring)

@: lethally poisoned (-4 -> -4), very slightly contaminated, somewhat resistant
to hostile enchantments, very unstealthy
A: talons 1, iridescent scales 1, demonic guardian 1
a: Depart the Abyss, Bend Space, Renounce Religion


You were on level 3 of the Dungeon.
You worshipped Lugonu.
Lugonu was pleased with you.
You were not hungry.

You visited 1 branch of the dungeon, and saw 3 of its levels.
You visited the Abyss 1 time.

You collected 161 gold pieces.

Inventory:

Hand Weapons
 a - a +2 hand axe (weapon)
Armour
 b - a +0 leather armour
 d - a +0 cloak (worn)
 h - a quicksilver dragon hide (worn)
 m - a +0 pair of boots (worn)
Jewellery
 k - an amulet of regeneration (around neck)
Scrolls
 g - a scroll of recharging
Books
 l - a book of Party Tricks

   Spells                             Type                      Level
   a - Summon Butterflies             Summoning                    1
   b - Apportation                    Translocation                1
   c - Tukima's Dance                 Hexes                        3
   d - Alistair's Intoxication        Transmutation/Poison         5
   e - Invisibility                   Hexes                        6
Comestibles
 c - 4 bread rations
 f - 12 chunks of flesh
 j - a beef jerky


   Skills:
 + Level 4.0 Fighting
 + Level 2.9 Axes
 + Level 0.5 Throwing
 + Level 2.8 Armour
 + Level 2.1 Dodging
 + Level 2.6 Invocations


You had 3 spell levels left.
You knew the following spells:

 Your Spells              Type           Power        Failure   Level  Hunger
a - Summon Butterflies    Summ           #.......     67%         1    ##.....


Dungeon Overview and Level Annotations

Branches:
Dungeon (3/15)

Altars:
Gozag
Hepliaklqana
Kikubaaqudgha
Pakellas
Ru

Annotations:
D:3 Crazy Yiuf


Innate Abilities, Weirdness & Mutations

You have sharp toenails.
You are partially covered in iridescent scales. (AC +4)
A weak demonic guardian rushes to your aid.


Message History

Crazy Yiuf barely misses you.
Your crimson imp hits Crazy Yiuf.
Eat which item? (? for menu, Esc to quit)
You feel sick.
Your crimson imp hits Crazy Yiuf.
Crazy Yiuf misses you.
You continue eating.
You feel yourself speed up.
You feel sick.
Your crimson imp closely misses Crazy Yiuf.
Crazy Yiuf cries, "Shadow seventy aubergine!"
Crazy Yiuf hits you but does no damage.
Your crimson imp barely misses Crazy Yiuf.
Crazy Yiuf completely misses you.
You continue eating.
Your crimson imp disappears in a puff of smoke!
You finish eating.
That royal jelly was delicious!
You barely miss Crazy Yiuf.
Crazy Yiuf is moderately wounded.
You feel sick.
Crazy Yiuf flaps his cloak.
Crazy Yiuf hits you with a quarterstaff of chaos!
You die...

♣♣♣♣♣### #####
#####♣♣♣.♣....##
#...######
#...#♣..♣......##
#........#
#.@g'.♣♣♣♣.♣....#
#...######
#)..#♣♣ ♣♣.....#
#####.## #####
♣♣###.# ......#
#..#
.############
#.##
.##.........#
##### #.#
.##.#########
#.#.# ##.# .##.#
#.#.# #..# ....#
######.#.# #.##


You could see Crazy Yiuf.

Vanquished Creatures
  Jessica (D:2)
  3 gnolls (D:3)
  4 adders
  2 oozes
  2 dart slugs (D:1)
  4 giant geckos
  5 giant cockroaches
  6 goblins
  4 hobgoblins
  5 kobolds
  A quokka (D:2)
  3 ball pythons
  4 bats
  3 giant newts
  8 rats
55 creatures vanquished.

Vanquished Creatures (collateral kills)
  3 gnolls (D:3)
  A kobold (D:3)
  A rat (D:3)
5 creatures vanquished.

Grand Total: 60 creatures vanquished

Notes
Turn   | Place    | Note
--------------------------------------------------------------
     0 | Abyss:1  | Skanax the Demonspawn Abyssal Knight began the quest for the Orb.
     0 | Abyss:1  | Reached XP level 1. HP: 18/18 MP: 2/2
     0 | D:1      | Escaped the Abyss
    74 | D:1      | Reached * piety under Lugonu
   129 | D:1      | Gained mutation: A weak demonic guardian rushes to your aid. [demonic ancestry]
   129 | D:1      | Reached XP level 2. HP: 7/24 MP: 3/3
   655 | D:1      | Reached skill level 1 in Dodging
   793 | D:1      | Reached XP level 3. HP: 29/29 MP: 4/4
  1073 | D:2      | Reached ** piety under Lugonu
  1150 | D:2      | Noticed Jessica
  1162 | D:2      | Killed Jessica
  1250 | D:2      | Found an opulent altar of Gozag.
  1281 | D:2      | Gained mutation: You are partially covered in iridescent scales. (AC +4) [demonic ancestry]
  1281 | D:2      | Reached XP level 4. HP: 17/37 MP: 5/5
  2165 | D:3      | Found an oddly glowing altar of Pakellas.
  2165 | D:3      | Found a hazy altar of Hepliaklqana.
  2304 | D:3      | Found a sacrificial altar of Ru.
  2387 | D:3      | Learned a level 1 spell: Summon Butterflies
  2509 | D:3      | Gained mutation: You have sharp toenails. [demonic ancestry]
  2509 | D:3      | Reached XP level 5. HP: 42/42 MP: 6/6
  2725 | D:3      | Reached skill level 4 in Fighting
  2740 | D:3      | Found an ancient bone altar of Kikubaaqudgha.
  2781 | D:3      | Noticed Crazy Yiuf
  2807 | D:3      | Slain by Crazy Yiuf

Vault maps used:
D:1:      nicolae_arrival_memento_mori
D:2:      lemuel_crystal_altar, uniq_jessica
D:3:      wad_crossroads, lemuel_crystal_altar, hangedman_ru_absence,
          gammafunk_temple_overflow_elements, first_bread,
          uniq_crazy_yiuf_cottage

Skill      XL: |  1  2  3  4  5 |
---------------+----------------+-----
Axes           | 2 |  2.9
Armour         | 2 |  2.8
Dodging        | 1 2 |  2.1
Fighting       | 4 |  4.0
Throwing       | |  0.5
Invocations    | |  2.6

Action                   |  1- 3 |  4- 6 || total
-------------------------+-------+-------++-------
Melee: Hand axe          |    91 |   105 ||   196
Throw: Throwing net      |     3 |       ||     3
Invok: Depart the Abyss  |     1 |       ||     1
       Bend Space        |       |     1 ||     1
  Use: Scroll            |     3 |     5 ||     8
       Potion            |     3 |     1 ||     4
  Eat: Chunk             |     1 |     5 ||     6
       Royal jelly       |       |     1 ||     1
Armor: Leather armour    |    13 |       ||    13
       Quicksilver drago |    16 |    37 ||    53
Dodge: Dodged            |    52 |    56 ||   108
